 Dungeon Crawl Stone Soup version 0.20.1-1-g8b1a95d (webtiles) character file.

86 OneorTwo the Chiller (level 4, 0/32 HPs)
             Began as a Merfolk Ice Elementalist on Aug 8, 2017.
             Killed by nerve-wracking pain
             ... invoked by Jessica
              (8 damage)
             ... on level 2 of the Dungeon.
             The game lasted 00:10:24 (2957 turns).

OneorTwo the Chiller (Merfolk Ice Elementalist)     Turns: 2957, Time: 00:10:25

Health: 0/32       AC:  2    Str:  8    XL:     4   Next: 50%
Magic:  4/7        EV: 13    Int: 14    God:
Gold:   79         SH:  0    Dex: 15    Spells: 1/7 levels left

rFire    . . .     SeeInvis .   j - +0 spear
rCold    . . .     Gourm    .   (no shield)
rNeg     . . .     Faith    .   a - +0 robe
rPois    .         Spirit   .   (no helmet)
rElec    .         Reflect  .   (no cloak)
rCorr    .         Harm     +   (no gloves)
MR       .....                  (no boots)
Stlth    ++........             k - amulet of harm
Regen    0.1/turn               l - ring of wizardry
MPRegen  0.1/turn               (no ring)

@: lethally poisoned (0 -> -5)
A: change form in water, swift swim, stealthy swim
a: no special abilities


You were on level 2 of the Dungeon.
You were not hungry.

You visited 1 branch of the dungeon, and saw 3 of its levels.

You collected 79 gold pieces.

Inventory:

Hand Weapons
 j - a +0 spear (weapon)
Missiles
 g - 2 javelins (quivered)
Armour
 a - a +0 robe (worn)
Jewellery
 k - an amulet of harm (around neck)
 l - a ring of wizardry (left hand)
Scrolls
 d - a scroll of identify {unknown}
 e - 4 scrolls of remove curse {unknown}
 f - a scroll of teleportation {unknown}
 h - a scroll of amnesia {unknown}
 m - a scroll of fog {unknown}
Books
 b - a book of Frost

   Spells                             Type                      Level
   a - Freeze                         Ice                          1
   b - Throw Frost                    Conjuration/Ice              2
   c - Ozocubu's Armour               Charms/Ice                   3
   d - Throw Icicle                   Conjuration/Ice              4
   e - Summon Ice Beast               Ice/Summoning                4
Comestibles
 c - 2 chunks of flesh
 i - a royal jelly


   Skills:
 + Level 1.0 Fighting
 * Level 3.1 Polearms
 * Level 3.1 Dodging
 - Level 2.1 Stealth
 - Level 2.0 Spellcasting
 - Level 0.7 Conjurations
 + Level 4.6 Ice Magic


You had one spell level left.
You knew the following spells:

 Your Spells              Type           Power        Failure   Level  Hunger
a - Freeze                Ice            ##..         1%          1    ##.....
b - Ozocubu's Armour      Chrm/Ice       #.......     12%         3    ####...
c - Throw Frost           Conj/Ice       #.....       4%          2    ###....


Dungeon Overview and Level Annotations

Branches:
Dungeon (3/15)

Altars:
Kikubaaqudgha
The Shining One

Annotations:
D:2 Jessica
D:3 Grinder


Message History

Confirm with . or Enter, or press ? or * to list all spells.
Aiming: Freeze
Press: ? - help, Shift-Dir - straight line, f - adder
Aim: an adder (moderately wounded)
You freeze the adder.
The adder is almost dead.
You feel sick. The adder barely misses you.
You barely miss the adder.
The adder is almost dead.
The adder bites you. The adder completely misses you.
You hit the adder.
You kill the adder!
You feel sick.
Jessica gestures wildly while chanting.
Jessica blinks!
You see here an adder corpse.
You feel sick. Jessica gestures at you while chanting.
Pain shoots through your body!
You die...

# ### ###############.#
#...[...........#
.....##########.#
#.##.##########.#########
#..#...............#....#
####################.##.#
...............ยง......#.#
################@..@..#.#
.#.........# #......#.#
.#.##..###.# #......#.# #
.#.##..# #.# #......#.# #
.#.##..# #.# #......#.###
# .#.##..# #.#
#......#...# ## .#.##..#
#.# #####..#.#.######.
.#.##..# #.#
#.....).......... .#.##..#
### #.#..............


You could see Jessica.

Vanquished Creatures
  4 adders
  A worm (D:2)
  2 leopard geckos (D:2)
  A ball python (D:3)
  3 giant cockroaches
  6 goblins
  4 hobgoblins
  4 jackals (D:1)
  5 kobolds
  3 quokkas
  4 bats
  3 frilled lizards (D:1)
  2 rats
42 creatures vanquished.

Notes
Turn   | Place    | Note
-------+----------+-------------------------------------------
     0 | D:1      | OneorTwo the Merfolk Ice Elementalist began the quest for the Orb.
     0 | D:1      | Reached XP level 1. HP: 13/13 MP: 3/3
   351 | D:1      | Reached XP level 2. HP: 19/19 MP: 3/5
   353 | D:1      | Reached skill level 4 in Ice Magic
   839 | D:2      | Found an ancient bone altar of Kikubaaqudgha.
  1039 | D:2      | Reached skill level 1 in Polearms
  1059 | D:2      | Found a glowing golden altar of the Shining One.
  1096 | D:2      | Reached XP level 3. HP: 7/24 MP: 0/6
  1692 | D:2      | Reached skill level 1 in Fighting
  1735 | D:2      | Learned a level 3 spell: Ozocubu's Armour
  2009 | D:2      | Reached XP level 4. HP: 30/32 MP: 7/7
  2242 | D:3      | Noticed Grinder
  2444 | D:2      | Learned a level 2 spell: Throw Frost
  2936 | D:3      | Noticed Jessica
  2957 | D:2      | Killed from afar by Jessica

Skill      XL: |  1  2  3  4 |
---------------+-------------+-----
Ice Magic      | 4 |  4.6
Polearms       | 1 2 3 |  3.1
Fighting       | 1 |  1.0
Dodging        | 3 |  3.1
Stealth        | |  2.1
Spellcasting   | |  2.0
Conjurations   | |  0.7

Action                   |  1- 3 |  4- 6 || total
-------------------------+-------+-------++-------
Melee: Unarmed           |    30 |       ||    30
       Spear             |    77 |    34 ||   111
Throw: Javelin           |     1 |     1 ||     2
 Cast: Freeze            |    28 |     2 ||    30
       Ozocubu's Armour  |     1 |       ||     1
       Throw Frost       |       |    10 ||    10
 Stab: Sleeping          |     6 |       ||     6
  Eat: Chunk             |     4 |       ||     4
       Bread ration      |       |     1 ||     1
Armor: Robe              |    25 |     4 ||    29
Dodge: Dodged            |    79 |    21 ||   100
